 Dungeon Crawl Stone Soup version 0.27.1 (webtiles) character file.

Game seed: 8581448547935379074

79711 MajorAdolf the Blocker (level 15, 0/129 HPs)
             Began as a Naga Wanderer on Aug 23, 2021.
             Was a High Priest of Makhleb.
             Slain by a freezing wraith (19 damage)
             ... led by a death knight
             ... on level 15 of the Dungeon.
             The game lasted 00:59:40 (35884 turns).

MajorAdolf the Blocker (Naga Wanderer)             Turns: 35884, Time: 00:59:40

Health: 0/129      AC: 13    Str: 13    XL:     15   Next: 64%
Magic:  21/24      EV:  8    Int: 17    God:    Makhleb [*****.]
Gold:   1950       SH: 12    Dex: 13    Spells: 5/14 levels left

rFire    . . .     SeeInvis +   t - +6 broad axe (venom)
rCold    . . .     Faith    .   x - +0 kite shield
rNeg     + . .     Spirit   .   R - +3 ring mail of Cocytus {rN+ Regen+ rCorr Str-3}
rPois    +         Reflect  .   (helmet restricted)
rElec    .         Harm     .   w - +1 cloak {Stlth+}
rCorr    +         Rampage  .   i - +0 pair of gloves
Will     .....                  (no barding)
Stlth    ++++......             (no amulet)
HPRegen  1.31/turn              V - +4 ring of slaying
MPRegen  0.19/turn              (no ring)

@: weak-willed, slowed, studying 2 skills, very slow
A: AC +5, large, see invisible, deformed body, poison resistance, slowness 2,
spit poison 1, naga tail 2, antennae 1, strong 1
a: Spit Poison, Renounce Religion, Minor Destruction, Lesser Servant of Makhleb,
Major Destruction, Greater Servant of Makhleb


You were on level 15 of the Dungeon.
You worshipped Makhleb.
Makhleb was extremely pleased with you.
You visited 3 branches of the dungeon, and saw 22 of its levels.
You also visited: Bailey and Gauntlet.

You collected 2734 gold pieces.
You spent 784 gold pieces at shops.

Inventory:

Hand Weapons
 t - a +6 broad axe of venom (weapon)
Armour
 i - a +0 pair of gloves (worn)
 p - the +0 pair of gloves "Dakh" {Will- rCorr Int+10 Stlth+}
   (You bought it in a shop on level 13 of the Dungeon)

   Int:       It affects your intelligence (+10).
   rCorr:     It protects you from acid and corrosion.
   Will:      It decreases your willpower.
   Stlth:     It makes you more stealthy.
 s - a scarf of invisibility
 w - a +1 cloak of stealth (worn)
 x - a +0 kite shield (worn)
 R - the +3 ring mail of Cocytus (worn) {rN+ Regen+ rCorr Str-3}
   (You found it in a Gauntlet)

   Str:       It affects your strength (-3).
   rN:        It protects you from negative energy.
   Regen:     It increases your rate of health regeneration.
   rCorr:     It protects you from acid and corrosion.
Jewellery
 q - a +4 ring of evasion
 J - a ring of willpower
 N - a ring of willpower
 P - a ring of flight
 V - a +4 ring of slaying (left hand)
Wands
 c - a wand of acid (7)
 h - a wand of digging (22)
 k - a wand of iceblast (17)
 y - a wand of paralysis (11)
 D - a wand of flame (95)
 K - a wand of charming (6)
 W - a wand of polymorph (12)
Scrolls
 d - 2 scrolls of silence
 e - a scroll of fog
 f - 11 scrolls of teleportation
 g - 5 scrolls of identify
 l - 7 scrolls of enchant armour
 n - 3 scrolls of blinking
 r - 7 scrolls of amnesia
 B - a scroll of summoning
 F - a scroll of magic mapping
 G - 2 scrolls of immolation
 H - 8 scrolls of noise
 I - 2 scrolls of fear
 L - 2 scrolls of brand weapon
 S - a scroll of torment
 X - 2 scrolls of vulnerability
Potions
 b - 4 potions of brilliance
 j - a potion of invisibility
 m - 2 potions of cancellation
 o - 4 potions of lignification
 u - 2 potions of mutation
 v - 8 potions of curing
 z - 2 potions of flight
 A - 3 potions of magic
 C - 4 potions of haste
 M - 4 potions of ambrosia
 O - 4 potions of might
 Y - 2 potions of heal wounds
 Z - a potion of attraction
Miscellaneous
 a - a phial of floods
 E - a condenser vane


   Skills:
 - Level 7.4 Fighting
 - Level 1.0 Short Blades
 + Level 12.6 Axes
 - Level 1.5 Armour
 - Level 1.0 Dodging
 + Level 7.3 Stealth
 + Level 13.0 Shields
 + Level 11.3 Translocations
 + Level 12.3 Invocations
 + Level 11.9 Evocations


You had 5 spell levels left.
You knew the following spells:

 Your Spells              Type           Power      Damage    Failure   Level
a - Gell's Gravitas       Tloc           19%        N/A       1%          3
b - Lesser Beckoning      Tloc           19%        N/A       1%          3
c - Teleport Other        Tloc           38%        N/A       1%          3

Your spell library contained the following spells:

 Spells                   Type           Power      Damage    Failure   Level
 Freeze                   Ice            0%         1d3       45%         1
 Magic Dart               Conj           0%         1d3       45%         1
 Iskenderun's Mystic Bla  Conj/Tloc      19%        2d6       45%         4
 Call Imp                 Summ           0%         N/A       58%         2
 Conjure Flame            Conj/Fire      0%         6-21      83%         3
 Dazzling Flash           Conj/Hex       0%         N/A       83%         3
 Frozen Ramparts          Ice            0%         1d2       83%         3
 Ignite Poison            Fire/Tmut/Pois 0%         N/A       83%         3
 Inner Flame              Hex/Fire       0%         N/A       83%         3
 Mephitic Cloud           Conj/Pois/Air  0%         N/A       83%         3
 Ozocubu's Armour         Ice            0%         N/A       83%         3
 Stone Arrow              Conj/Erth      0%         3d7       83%         3
 Airstrike                Air            0%         N/A       99%         4
 Animate Armour           Summ/Erth      0%         N/A       99%         4
 Cause Fear               Hex            0%         N/A       99%         4
 Hailstorm                Conj/Ice       0%         3d3       99%         4
 Ice Form                 Ice/Tmut       0%         N/A       99%         4
 Petrify                  Tmut/Erth      0%         N/A       99%         4
 Sticky Flame             Conj/Fire      0%         2d3       99%         4
 Summon Ice Beast         Ice/Summ       0%         N/A       99%         4
 Summon Lightning Spire   Summ/Air       0%         N/A       99%         4
 Lightning Bolt           Conj/Air       0%         1d11      100%        5
 Metabolic Englaciation   Hex/Ice        0%         N/A       100%        5
 Summon Mana Viper        Hex/Summ       0%         N/A       100%        5
 Dispersal                Tloc           19%        N/A       58%         6
 Simulacrum               Ice/Necr       0%         N/A       100%        6
 Starburst                Conj/Fire      0%         6d3       100%        6
 Statue Form              Tmut/Erth      0%         N/A       100%        6
 Malign Gateway           Summ/Tloc      9%         N/A       100%        7
 Monstrous Menagerie      Summ           0%         N/A       100%        7
 Storm Form               Tmut/Air       0%         N/A       100%        7
 Discord                  Hex            0%         N/A       100%        8
 Lehudib's Crystal Spear  Conj/Erth      0%         10d2      100%        8
 Maxwell's Capacitive Co  Air            0%         ∞         100%        8
 Summon Horrible Things   Summ           0%         N/A       100%        8


Dungeon Overview and Level Annotations

Branches:
Dungeon (15/15)            Temple (1/1) D:6            Lair (6/6) D:10
 Shoals (0/4) Lair:2        Snake (0/4) Lair:3        Slime (0/5) Lair:6
    Orc (0/2) D:11         Vaults (0/5) D:14         Bailey (visited)
Gauntlet (visited)
 Depths: D:15

Altars:
Ashenzari
Cheibriados
Dithmenos
Elyvilon
Fedhas
Gozag
Hepliaklqana
Kikubaaqudgha
Makhleb
Nemelex Xobeh
Okawaru
Qazlal
Ru
Sif Muna
Trog
Uskayaw
Vehumet
Wu Jian
Xom
Yredelemnul
Zin
The Shining One

Shops:
D:6 !   D:8 (   D:9 *   D:13 [

Portals:
Trove: D:13 (give horn of Geryon)

Annotations:
D:2 1 runed translucent door, Crazy Yiuf
D:3 Grinder


Innate Abilities, Weirdness & Mutations

Your serpentine skin is tough. (AC +5)
You have supernaturally acute eyesight. (SInv)
Armour fits poorly on your strangely shaped body.
Your system is resistant to poisons. (rPois)
You cover ground very slowly.
You can spit poison.
You can use your snake-like lower body to constrict enemies.
You have a pair of small antennae on your head.
Your muscles are strong. (Str +2)


Message History

Press: ? - help, Shift-Dir - straight line, f - phantasmal warrior
Aim: a phantasmal warrior (almost destroyed)
The mass of ice explodes!
The iceblast engulfs the phantasmal warrior.
The phantasmal warrior is almost destroyed.
Unknown command.
Aiming: Iceblast
Press: ? - help, Shift-Dir - straight line, f/p - phantasmal warrior
Aim: a phantasmal warrior (almost destroyed)
The mass of ice explodes!
The iceblast engulfs the phantasmal warrior.
The phantasmal warrior partially resists.
The phantasmal warrior is almost destroyed.
The phantasmal warrior blinks!
You block the phantasmal warrior's attack.
Aiming: Corrosive Bolt
Press: ? - help, Shift-Dir - straight line, f/p - phantasmal warrior
Aim: a phantasmal warrior (almost destroyed, 76% to hit)
The bolt of acid hits the phantasmal warrior!!
The phantasmal warrior is splashed with acid.
The acid corrodes the phantasmal warrior!
You destroy the phantasmal warrior!
Makhleb accepts your kill.
You feel better.
Aiming: Corrosive Bolt
Press: ? - help, Shift-Dir - straight line, f - freezing wraith
Aim: a freezing wraith (lightly damaged, 76% to hit)
The bolt of acid hits the freezing wraith!
The freezing wraith is splashed with acid!
The freezing wraith is heavily damaged.
Unknown command.
Okay, then.
Casting: Gell's Gravitas (safe; 1% risk of failure)
Confirm with . or Enter, or press ? or * to list all spells.
Aiming: Gell's Gravitas (safe; 1% risk of failure)
Press: ? - help, Dir - move target, p - freezing wraith Gravity reorients around empty space.
The freezing wraith hits you!
* * * LOW HITPOINT WARNING * * *
The freezing wraith freezes you!!
You die...

........######### ##.#. ##
#.###.....#..#.#...... ##..
...#.........)....... #...#
###.#...#....##...###.
..#....#......#.†..........
#.#.#.#.#.....#...##......
..
.....#.#.................
..#
#.#.#.#.#.W###############
...#...†#...@##
#.#####...#.# .
#........##.#
..###.###.##..#
..............#
#.......###### #......##
#...#..# { ##.....#


You could see a freezing wraith.

Vanquished Creatures
  A dire elephant (Gauntlet)
  Nessos (Lair:6)
  A minotaur (Gauntlet)
  5 centaur warriors
  10 hydras
  5 boulder beetles
  A rakshasa (D:15)
  Erica (D:8)
  A death scarab (Gauntlet)
  4 two-headed ogres
  Urug (Lair:6)
  A wizard (D:14)
  A phantasmal warrior (D:15)
  2 lindwurms (Lair:4)
  Pikel (D:7)
  A deep elf pyromancer (D:13)
  A spectral hydra (Gauntlet)
  3 oklob plants
  A necromancer (D:14)
  2 orc knights
  2 manticores
  8 elephants
  3 cyclopes (D:14)
  2 ugly things
  2 centaur zombies
  4 black mambas
  19 cane toads
  A torpor snail (Lair:6)
  An unseen horror (D:11)
  Maggie (Lair:1)
  A rime drake (Lair:6)
  An efreet (D:13)
  7 komodo dragons
  A yaktaur (shapeshifter) (D:14)
  A queen bee (D:11)
  6 trolls
  A hornet (D:11)
  12 polar bears
  2 raiju (Lair:6)
  3 slime creatures (D:13)
  5 dream sheep (Lair:6)
  Prince Ribbit (D:8)
  17 blink frogs
  A snapping turtle (Lair:2)
  Sigmund (D:3)
  A water elemental (D:12)
  3 wraiths
  A wyvern (Lair:5)
  A ynoxinul (Gauntlet)
  A steam dragon (Lair:2)
  72 yaks
  3 vampire mosquitoes (D:14)
  Grum (Lair:1)
  4 nagas (Lair:3)
  5 wargs
  3 acid dragons
  15 hell hounds (Lair:6)
  10 water moccasins
  2 sky beasts
  A hornet zombie (D:8)
  18 orc warriors
  15 black bears
  3 ogres
  27 wolves
  12 centaurs
  A necrophage (D:6)
  A lemure (D:7)
  2 phantoms (D:5)
  3 kobold brigands
  11 bullfrogs
  2 gnoll sergeants
  2 scorpions
  A water moccasin skeleton (D:7)
  32 killer bees
  4 howler monkeys
  An electric eel (Lair:2)
  A bullfrog zombie (D:6)
  A jelly (D:5)
  3 centaur skeletons
  3 hounds
  4 iron imps (Gauntlet)
  7 orc priests
  A bullfrog skeleton (D:6)
  2 gnoll shamans
  Jessica (D:2)
  Natasha (twice) (D:4)
  3 iguanas
  11 orc wizards
  8 hell rats (Lair:2)
  A hound skeleton (D:5)
  4 adders
  6 gnolls (D:8)
  6 river rats (Lair:2)
  A shadow imp (D:5)
  A white imp (D:7)
  3 ufetubi
  An adder skeleton (D:4)
  A worm (D:2)
  6 dart slugs
  48 orcs
  3 bats
  11 endoplasms
  2 giant cockroaches (D:3)
  7 goblins
  7 hobgoblins
  11 quokkas
  8 ball pythons
  4 frilled lizards
  21 kobolds
  20 rats
  A bush (D:12)
625 creatures vanquished.

Vanquished Creatures (collateral kills)
  An elephant (Gauntlet)
  A naga (Lair:3)
  A hell rat (Lair:2)
3 creatures vanquished.

Vanquished Creatures (others)
  11 fungi
  37 plants
48 creatures vanquished.

Grand Total: 676 creatures vanquished

Notes
Turn   | Place    | Note
-------+----------+-------------------------------------------
     0 | D:1      | MajorAdolf the Naga Wanderer began the quest for the Orb.
     0 | D:1      | MajorAdolf set off with the following items: a +2 dagger, a
                  | potion of berserk rage, a +0 spear, a +0 short sword, a +0
                  | robe
     0 | D:1      | Reached XP level 1. HP: 22/22 MP: 1/1
    84 | D:1      | Reached XP level 2. HP: 31/31 MP: 2/2
   552 | D:1      | Reached XP level 3. HP: 30/38 MP: 3/3
   702 | D:1      | Reached skill level 5 in Fighting
  1654 | D:2      | Found a faded altar of an unknown god.
  2511 | D:2      | Reached XP level 4. HP: 28/46 MP: 4/4
  3793 | D:2      | Noticed Jessica
  3798 | D:2      | Killed Jessica
  4171 | D:2      | Reached XP level 5. HP: 53/55 MP: 5/5
  4344 | D:2      | Found a runed translucent door.
  4345 | D:2      | Noticed Crazy Yiuf
  4781 | D:3      | Noticed Sigmund
  4857 | D:3      | Killed Sigmund
  4858 | D:3      | Reached XP level 6. HP: 57/66 MP: 6/6
  5092 | D:3      | Noticed Grinder
  5609 | D:5      | Entered Level 5 of the Dungeon
  5691 | D:4      | Reached skill level 1 in Shields
  6078 | D:4      | Noticed an orc warrior
  7434 | D:4      | Noticed Natasha
  7453 | D:4      | Killed Natasha
  7454 | D:4      | Reached skill level 2 in Shields
  7454 | D:4      | Killed an orc warrior
  7455 | D:4      | Reached skill level 3 in Shields
  7455 | D:4      | Reached XP level 7. HP: 48/72 MP: 7/7
  7678 | D:4      | Noticed Natasha
  7698 | D:4      | Killed Natasha
  7874 | D:4      | Reached skill level 1 in Axes
  8855 | D:5      | Found a shimmering altar of Xom.
  8941 | D:5      | Reached XP level 8. HP: 80/80 MP: 8/8
  9628 | D:5      | Reached skill level 1 in Evocations
  9663 | D:5      | Reached skill level 5 in Axes
 12426 | D:6      | Found Duguziot's Distillery.
 12427 | D:6      | Found a staircase to the Ecumenical Temple.
 12464 | Temple   | Entered the Ecumenical Temple
 12554 | Temple   | Became a worshipper of Makhleb the Destroyer
 12729 | D:6      | Reached skill level 4 in Shields
 12729 | D:6      | Reached skill level 1 in Invocations
 12732 | D:6      | Reached XP level 9. HP: 39/86 MP: 8/10
 13257 | D:6      | Learned a level 3 spell: Gell's Gravitas
 13668 | D:7      | Reached skill level 1 in Translocations
 13750 | D:7      | Noticed Pikel
 13764 | D:7      | Killed Pikel
 14251 | D:7      | Learned a level 3 spell: Lesser Beckoning
 14413 | D:8      | Noticed Prince Ribbit
 14423 | D:8      | Killed Prince Ribbit
 14423 | D:8      | Reached * piety under Makhleb
 14571 | D:8      | Noticed Erica
 14588 | D:8      | HP: 2/86 [Erica/bolt of poison (9)]
 14944 | D:8      | Killed Erica
 14945 | D:8      | Reached skill level 5 in Shields
 14945 | D:8      | Reached skill level 5 in Evocations
 14945 | D:8      | Reached XP level 10. HP: 45/94 MP: 11/13
 15221 | D:8      | Found Jegavvue's Antique Weapon Shop.
 15374 | D:8      | Gained mutation: You have a pair of small antennae on your
                  | head. [potion of mutation]
 15374 | D:8      | Gained mutation: Your muscles are strong. (Str +2) [potion
                  | of mutation]
 16384 | D:9      | Reached ** piety under Makhleb
 16872 | D:9      | Found Uremycro's Assorted Antiques.
 17239 | D:9      | Reached skill level 5 in Invocations
 18047 | D:9      | Learned a level 3 spell: Teleport Other
 18063 | D:10     | Entered Level 10 of the Dungeon
 18095 | D:10     | Identified the +7 spear of Courage {distort, rC++ Int+6
                  | Stlth-}
 18135 | D:10     | Found a flagged portal.
 18144 | Bailey   | Entered a bailey
 19214 | Bailey   | Reached skill level 6 in Shields
 19336 | Bailey   | Reached skill level 5 in Translocations
 19597 | Bailey   | Reached XP level 11. HP: 47/100 MP: 15/15
 19856 | Bailey   | Noticed an orc knight
 19873 | Bailey   | Killed an orc knight
 20117 | D:10     | Found a staircase to the Lair.
 20778 | D:11     | Reached *** piety under Makhleb
 20889 | D:11     | Found a staircase to the Orcish Mines.
 21004 | D:11     | Paralysed by a hornet for 2 turns
 21013 | D:11     | Reached skill level 7 in Shields
 22935 | D:11     | Noticed a two-headed ogre
 22943 | D:11     | Killed a two-headed ogre
 23222 | D:12     | Noticed a two-headed ogre
 23227 | D:12     | Killed a two-headed ogre
 23234 | D:12     | Reached XP level 12. HP: 97/109 MP: 17/17
 23250 | D:12     | Reached skill level 8 in Shields
 23477 | D:12     | Found a white marble altar of Elyvilon.
 23525 | D:12     | Noticed a five-headed hydra
 23537 | D:12     | Killed a five-headed hydra
 24288 | D:13     | Noticed a centaur warrior
 24304 | D:13     | Killed a centaur warrior
 24762 | D:13     | Noticed a centaur warrior
 24873 | Lair:1   | Entered Level 1 of the Lair of Beasts
 25083 | Lair:1   | Reached skill level 9 in Shields
 25091 | Lair:1   | Reached **** piety under Makhleb
 25168 | Lair:1   | Reached skill level 10 in Axes
 25334 | Lair:1   | Noticed Grum
 25349 | Lair:1   | Killed Grum
 25927 | Lair:1   | Noticed Maggie
 25936 | Lair:1   | Killed Maggie
 25937 | Lair:1   | Gained mutation: You can use your snake-like lower body to
                  | constrict enemies. [Naga growth]
 25937 | Lair:1   | Reached XP level 13. HP: 86/115 MP: 19/19
 26231 | Lair:2   | Reached skill level 10 in Shields
 26299 | Lair:2   | HP: 3/115 [komodo dragon (23)]
 26868 | Lair:2   | Found a staircase to the Shoals.
 27290 | Lair:2   | Reached ***** piety under Makhleb
 27359 | Lair:2   | Reached skill level 10 in Invocations
 27843 | Lair:3   | Reached skill level 10 in Evocations
 27862 | Lair:3   | Found a gate leading to a gauntlet.
 27869 | Gauntlet | Entered a Gauntlet
 27869 | Gauntlet | Found a transporter.
 27869 | Gauntlet | Found a transporter.
 27871 | Gauntlet | Found a transporter.
 27875 | Gauntlet | Found a transporter.
 27875 | Gauntlet | Found a transporter.
 27900 | Gauntlet | Found a runed translucent door.
 27903 | Gauntlet | Found a transporter.
 27905 | Gauntlet | Found a transporter.
 27909 | Gauntlet | Found a runed translucent door.
 27911 | Gauntlet | Found a runed translucent door.
 27912 | Gauntlet | Found the +7 Spriggan's Knife {stab, EV+4 Stlth+}
 27913 | Gauntlet | Found a transporter.
 27926 | Gauntlet | Noticed a dire elephant
 27929 | Gauntlet | Found a transporter.
 27943 | Gauntlet | Found a transporter.
 27947 | Gauntlet | Found a transporter.
 27959 | Gauntlet | Found a transporter.
 28346 | Gauntlet | Identified the ring "Eghidgh" {rElec rCorr Str+4 Stlth+}
 28352 | Gauntlet | Killed a dire elephant
 28359 | Gauntlet | Identified the +3 ring mail of Cocytus {rN+ Regen+ rCorr
                  | Str-3}
 28492 | Gauntlet | Identified the +7 hand axe of Ru's Supremacy {flame, Dex+8}
 28492 | Gauntlet | Identified the ring of Waahab {rPois rN+ Int-4 SInv}
 28492 | Gauntlet | Noticed a minotaur
 28499 | Gauntlet | Killed a minotaur
 28547 | Gauntlet | Identified the +1 flail of the Vanishing Mouths {freeze,
                  | Int+9 Dex-2}
 28711 | Lair:3   | Reached skill level 11 in Shields
 28966 | Lair:3   | Found a staircase to the Snake Pit.
 29111 | Lair:3   | Reached XP level 14. HP: 111/123 MP: 21/21
 30585 | Lair:4   | Reached skill level 10 in Translocations
 31585 | Lair:6   | Entered Level 6 of the Lair of Beasts
 31731 | Lair:6   | Found a staircase to the Slime Pits.
 31804 | Lair:6   | Noticed Nessos
 31809 | Lair:6   | Killed Nessos
 31810 | Lair:6   | Reached skill level 12 in Shields
 32277 | Lair:6   | Noticed Urug
 32282 | Lair:6   | Killed Urug
 32673 | Lair:6   | Reached XP level 15. HP: 124/129 MP: 23/23
 32773 | Lair:6   | Identified the -2 hat "Wauroc" {rElec Str+6 Int-3 Slay+2}
 34087 | D:13     | Found a portal to a secret trove of treasure.
 34094 | D:13     | Found Tobbef's Antique Armour Shoppe.
 34123 | D:13     | Identified a scroll of acquirement
 34127 | D:13     | Acquired a manual of Stealth
 34136 | D:13     | Bought a pair of ichor-stained gloves for 304 gold pieces
 34136 | D:13     | Identified the +0 pair of gloves "Dakh" {Will- rCorr Int+10
                  | Stlth+} (You bought it in a shop on level 13 of the
                  | Dungeon)
 34228 | D:13     | Acquired 1042 gold pieces
 34266 | D:13     | Bought an embroidered cloak for 240 gold pieces
 34266 | D:13     | Bought an embroidered cloak for 240 gold pieces
 35027 | D:14     | Reached skill level 5 in Stealth
 35579 | D:14     | Found a gate to the Vaults.
 35733 | D:15     | Entered Level 15 of the Dungeon
 35867 | D:15     | Reached skill level 13 in Shields
 35884 | D:15     | Slain by a freezing wraith

Illustrated notes

Levels and vault maps discovered:
D:1:      kennysheep_arrival_seaside, layout_loops_ring, fountainhead
D:2:      layout_loops_corners, hellmonk_ecumenical_altar_zigzags,
          chequers_serial_rivers_small_b, minmay_crystal_room,
          palyth_stone_intersect, minmay_close_crescents,
          uniq_crazy_yiuf_cottage, uniq_jessica
D:3:      layout_loops_ring, uniq_grinder, uniq_terence, uniq_sigmund
D:4:      layout_loops_corners, dk_rats_in_the_wall, uniq_natasha
D:5:      layout_basic, overflow_temple_1_default
D:6:      layout_loops_ring, minmay_temple_entry_crystal_x, serial_shops, shop,
          minmay_diced_spiral
D:7:      layout_basic, uniq_pikel
D:8:      layout_cave_pods, serial_shops, shop, uniq_erica, uniq_prince_ribbit1
D:9:      layout_grid_maze, serial_shops, shop_statue
D:10:     layout_roguey, lair_entry_dummy, enter_bailey_2
D:11:     layout_basic, orc_0_dummy, minivault_7
D:12:     layout_basic, nicolae_elyvilon_peaceful_grove
D:13:     layout_basic, enter_trove_1, serial_shops, shop_statue
D:14:     layout_gridville, david_vaults_1, eino_curves_03
D:15:     hangedman_slaughterboxes
Temple:   dpeg_three_leaves_temple
Lair:1:   layout_gridlike, lemuel_another_geyser, infiniplex_staircase_pool_2,
          uniq_grum, uniq_maggie
Lair:2:   lemuel_ratsnest, layout_cave_pods, minmay_shoals_entry_hut,
          lemuel_fruit_tree, minmay_lair_oklob_chamber
Lair:3:   layout_cave_pods, minmay_snake_entry_guardpost_medium,
          gauntlet_entry_generic, grunt_megastairs_1
Lair:4:   layout_long_grid, lemuel_fruit_fields, serial_bayou_shore_b,
          grunt_megastairs_2
Lair:5:   layout_regular_city, minivault_25
Lair:6:   hangedman_lair_caniforms_friends, layout_cave_pods,
          minmay_slime_entry_oklob_enclosed, uniq_urug, uniq_nessos

Skill      XL: |  1  2  3  4  5  6  7  8  9 10 11 12 13 14 15 |
---------------+----------------------------------------------+-----
Fighting       | 5 6 7 |  7.4
Shields        | 3 4 5 6 7 9 11 12 13 | 13.0
Axes           | 4 6 7 8 9 10 11 12 | 12.6
Evocations     | 3 5 6 8 9 10 11 | 11.9
Invocations    | 1 4 5 7 9 10 11 12 | 12.3
Translocations | 3 5 6 8 9 10 11 | 11.3
Stealth        | 7 |  7.3
Short Blades   | |  1.0
Armour         | |  1.5
Dodging        | |  1.0

Action                   |  1- 3 |  4- 6 |  7- 9 | 10-12 | 13-15 || total
-------------------------+-------+-------+-------+-------+-------++-------
Melee: Dagger            |   124 |   143 |       |       |       ||   267
       Broad axe         |       |       |   217 |   356 |   634 ||  1207
       Constrict         |       |       |       |       |   147 ||   147
 Cast: Gell's Gravitas   |       |       |       |     6 |     5 ||    11
       Teleport Other    |       |       |       |       |     1 ||     1
Invok: Minor Destruction |       |       |       |   420 |   168 ||   588
       Major Destruction |       |       |       |     8 |   111 ||   119
       Lesser Servant of |       |       |       |       |     7 ||     7
 Abil: Spit Poison       |    15 |    21 |    14 |     8 |     1 ||    59
       Evoke Invisibilit |       |       |       |       |     1 ||     1
Evoke: Wand              |       |     1 |     2 |    25 |     4 ||    32
       Condenser vane    |       |       |       |       |     1 ||     1
  Use: Scroll            |       |     4 |     2 |     7 |    22 ||    35
       Potion            |       |       |     1 |     8 |     3 ||    12
 Stab: Sleeping          |     1 |     2 |     7 |       |     6 ||    16
       Distracted        |       |       |     1 |     1 |     1 ||     3
       Paralysed         |       |       |       |    17 |       ||    17
Armor: Plate armour      |    73 |    79 |       |       |       ||   152
       Robe              |       |    10 |    95 |    31 |       ||   136
       Troll leather arm |       |       |       |   159 |    47 ||   206
       Ring mail         |       |       |       |       |   209 ||   209
       Skin              |       |       |       |       |    16 ||    16
Dodge: Dodged            |     3 |    16 |    73 |   244 |   250 ||   586
Block: Buckler           |       |    10 |    15 |       |       ||    25
       Kite shield       |       |       |    76 |   441 |   504 ||  1021
